[ AOE2 MATCH · #507104325 ]
UnrankedTupi vs Mongols
Player's team · WIN
Rival team · LOSS
[ REPLAY ANALYSIS · EXTRACTED FROM THE RECORDED GAME ]
Feudal
10:45
Castle
21:21
Imperial
—
| APM avg | 62.6 |
| APM peak | 104 |
| eAPM avg | 31.8 |
| Villagers / military | 110 / 10 |
Focus
⚔️ 42.5% · 🌾 57.5%
Unknown (2550) ×108 · Monk ×4 · Archer ×4 · Spearman ×2
Feudal
8:01
Castle
21:44
Imperial
—
| APM avg | 44.9 |
| APM peak | 84 |
| eAPM avg | 24.4 |
| Villagers / military | 126 / 40 |
Focus
⚔️ 41.7% · 🌾 58.3%
Knight ×25 · Monk ×10 · Militia ×5
Match map
Initial resources + every placement click. Lines = walls · curves = elevation contours. ◆ gold · ⬟ stone · ● berries · ✦ relic · ◌ wall gap
Your base· Open — 10t gap
MatzeAoE's base· Open — 5t gap
Smoothed initial terrain · ◌ = detected wall gap · hover for details
Inputs per minute
— Lina - - MatzeAoE
Build order — Lina
First 150 of 372 actions detected
| 0:00 | Create | Villager (Male) |
| 0:01 | Create | Villager (Male) |
| 0:02 | Build | House |
| 0:04 | Build | House |
| 0:09 | Create | Villager (Male) |
| 0:10 | Create | Villager (Male) |
| 0:10 | Create | Villager (Male) |
| 0:31 | Build | Barracks |
| 1:22 | Create | Villager (Male) |
| 1:46 | Create | Unit 2550 |
| 2:06 | Create | Villager (Male) |
| 2:26 | Create | Villager (Male) |
| 2:42 | Create | Unit 2550 |
| 3:00 | Create | Villager (Male) |
| 3:00 | Create | Villager (Male) |
| 3:03 | Build | House |
| 3:21 | Create | Villager (Male) |
| 3:21 | Create | Villager (Male) |
| 3:44 | Create | Villager (Male) |
| 4:05 | Create | Villager (Male) |
| 4:17 | Create | Villager (Male) |
| 4:20 | Build | House |
| 4:25 | Create | Unit 2550 |
| 4:36 | Create | Villager (Male) |
| 4:46 | Create | Villager (Male) |
| 5:02 | Build | Outpost |
| 5:06 | Create | Villager (Male) |
| 5:07 | Create | Villager (Male) |
| 5:21 | Create | Villager (Male) |
| 5:47 | Create | Villager (Male) |
| 5:55 | Create | Villager (Male) |
| 6:08 | Create | Villager (Male) |
| 6:21 | Build | Settlement |
| 6:42 | Create | Villager (Male) |
| 7:04 | Create | Villager (Male) |
| 7:25 | Create | Villager (Male) |
| 8:10 | Research | Loom |
| 8:34 | Research | Feudal Age |
| 9:00 | Build | Settlement |
| 9:09 | Build | Palisade Wall |
| 9:11 | Build | Palisade Wall |
| 9:14 | Build | Palisade Wall |
| 9:17 | Create | Villager (Male) |
| 9:35 | Create | Villager (Male) |
| 9:42 | Build | House |
| 9:59 | Create | Villager (Male) |
| 10:11 | Build | Palisade Wall |
| 10:12 | Build | Palisade Wall |
| 10:14 | Build | Palisade Wall |
| 10:19 | Build | Palisade Wall |
| 10:21 | Build | Palisade Wall |
| 10:23 | Create | Villager (Male) |
| 10:45 | Age | Feudal Age |
| 10:49 | Research | Double-Bit Axe |
| 11:02 | Build | House |
| 11:15 | Research | Tech 1402 |
| 11:15 | Research | Tech 1402 |
| 11:18 | Create | Villager (Male) |
| 11:26 | Build | Archery Range |
| 11:27 | Create | Villager (Male) |
| 11:29 | Create | Villager (Male) |
| 11:46 | Build | Farm |
| 11:48 | Create | Unit 2550 |
| 12:13 | Build | Farm |
| 12:23 | Create | Archer |
| 12:31 | Create | Villager (Male) |
| 12:52 | Create | Villager (Male) |
| 12:59 | Build | Palisade Wall |
| 13:14 | Create | Villager (Male) |
| 13:23 | Create | Archer |
| 13:34 | Create | Villager (Male) |
| 13:43 | Create | Archer |
| 13:44 | Build | Farm |
| 13:51 | Create | Villager (Male) |
| 14:03 | Create | Archer |
| 14:22 | Create | Villager (Male) |
| 14:25 | Build | Blacksmith |
| 14:27 | Build | Farm |
| 14:28 | Build | Farm |
| 14:39 | Build | Farm |
| 14:42 | Build | Palisade Wall |
| 14:44 | Create | Villager (Male) |
| 15:04 | Build | Farm |
| 15:19 | Research | Arson |
| 15:27 | Build | Farm |
| 15:32 | Research | Fletching |
| 15:33 | Research | Fletching |
| 15:35 | Build | House |
| 15:36 | Build | House |
| 15:52 | Build | Farm |
| 15:56 | Build | Farm |
| 16:09 | Create | Villager (Male) |
| 16:26 | Create | Villager (Male) |
| 16:39 | Create | Villager (Male) |
| 16:41 | Build | Farm |
| 16:47 | Build | Farm |
| 17:05 | Build | Outpost |
| 17:16 | Create | Villager (Male) |
| 17:30 | Create | Villager (Male) |
| 17:32 | Build | Farm |
| 17:44 | Build | Market |
| 17:51 | Research | Arson |
| 17:51 | Research | Arson |
| 17:54 | Create | Villager (Male) |
| 18:09 | Create | Villager (Male) |
| 18:41 | Research | Castle Age |
| 18:41 | Research | Castle Age |
| 19:05 | Create | Spearman |
| 19:09 | Research | Arson |
| 19:09 | Research | Arson |
| 19:32 | Build | House |
| 19:36 | Research | Horse Collar |
| 19:40 | Build | Settlement |
| 19:49 | Create | Unit 2550 |
| 20:05 | Create | Villager (Male) |
| 20:19 | Build | House |
| 20:30 | Build | Farm |
| 20:55 | Create | Unit 2550 |
| 20:55 | Create | Unit 2550 |
| 21:15 | Build | Farm |
| 21:17 | Build | Barracks |
| 21:18 | Create | Unit 2550 |
| 21:18 | Create | Unit 2550 |
| 21:21 | Age | Castle Age |
| 21:25 | Research | Tech 1351 |
| 21:30 | Research | Squires |
| 21:48 | Create | Villager (Male) |
| 21:55 | Research | Scale Mail Armor |
| 22:01 | Create | Unit 2550 |
| 22:02 | Create | Villager (Male) |
| 22:15 | Build | Town Center |
| 22:32 | Create | Unit 2550 |
| 22:33 | Create | Villager (Male) |
| 22:41 | Research | Forging |
| 22:41 | Research | Forging |
| 22:54 | Create | Unit 2550 |
| 23:00 | Create | Villager (Male) |
| 23:15 | Create | Unit 2550 |
| 23:21 | Build | Farm |
| 23:22 | Create | Villager (Male) |
| 23:27 | Build | Town Center |
| 23:39 | Build | Farm |
| 23:41 | Build | Farm |
| 23:42 | Create | Villager (Male) |
| 23:43 | Create | Villager (Male) |
| 23:50 | Build | Monastery |
| 24:10 | Create | Unit 2550 |
| 24:10 | Create | Unit 2550 |
| 24:13 | Create | Villager (Male) |
| 24:13 | Create | Villager (Male) |
Build order — MatzeAoE
First 150 of 305 actions detected
| 0:00 | Create | Villager (Male) |
| 0:00 | Create | Villager (Male) |
| 0:02 | Build | House |
| 0:03 | Build | House |
| 0:05 | Create | Villager (Male) |
| 0:06 | Create | Villager (Male) |
| 1:37 | Create | Villager (Male) |
| 1:51 | Create | Villager (Male) |
| 2:00 | Build | Lumber Camp |
| 2:03 | Create | Villager (Male) |
| 2:04 | Create | Villager (Male) |
| 2:25 | Create | Villager (Male) |
| 2:58 | Create | Villager (Male) |
| 3:16 | Create | Villager (Male) |
| 3:16 | Create | Villager (Male) |
| 3:28 | Create | Villager (Male) |
| 3:30 | Build | House |
| 4:07 | Create | Villager (Male) |
| 4:33 | Create | Villager (Male) |
| 4:45 | Build | Barracks |
| 4:54 | Create | Villager (Male) |
| 5:51 | Research | Feudal Age |
| 6:25 | Create | Militia |
| 6:30 | Build | House |
| 6:33 | Build | House |
| 6:34 | Build | House |
| 6:44 | Build | Palisade Wall |
| 6:46 | Build | Palisade Wall |
| 6:50 | Create | Militia |
| 7:28 | Create | Militia |
| 7:29 | Create | Militia |
| 7:29 | Create | Militia |
| 7:32 | Build | Mill |
| 7:48 | Build | Palisade Wall |
| 7:49 | Build | Palisade Wall |
| 8:01 | Age | Feudal Age |
| 8:07 | Research | Man-at-Arms (upgrade) |
| 8:31 | Create | Villager (Male) |
| 8:50 | Create | Villager (Male) |
| 9:17 | Create | Villager (Male) |
| 9:19 | Build | Palisade Wall |
| 9:22 | Build | Palisade Wall |
| 9:24 | Build | Palisade Wall |
| 9:24 | Build | Palisade Wall |
| 9:47 | Create | Villager (Male) |
| 10:07 | Create | Villager (Male) |
| 10:13 | Research | Loom |
| 10:30 | Create | Villager (Male) |
| 10:41 | Build | Farm |
| 10:42 | Build | Farm |
| 10:42 | Build | Farm |
| 10:42 | Build | Farm |
| 10:42 | Build | Farm |
| 10:48 | Create | Villager (Male) |
| 11:05 | Create | Villager (Male) |
| 11:08 | Build | House |
| 11:23 | Research | Double-Bit Axe |
| 11:35 | Create | Villager (Male) |
| 11:39 | Create | Villager (Male) |
| 11:52 | Build | Farm |
| 11:53 | Build | Farm |
| 11:55 | Create | Villager (Male) |
| 12:02 | Build | Palisade Wall |
| 12:07 | Build | Palisade Wall |
| 12:09 | Create | Villager (Male) |
| 12:17 | Build | Palisade Wall |
| 12:22 | Research | Horse Collar |
| 12:24 | Create | Villager (Male) |
| 12:45 | Create | Villager (Male) |
| 12:51 | Create | Villager (Male) |
| 12:59 | Build | Palisade Wall |
| 13:01 | Build | Palisade Wall |
| 13:04 | Build | Farm |
| 13:09 | Build | Palisade Wall |
| 13:22 | Build | Farm |
| 13:22 | Create | Villager (Male) |
| 13:23 | Build | Palisade Wall |
| 13:24 | Build | Palisade Wall |
| 13:25 | Build | Palisade Wall |
| 13:27 | Build | Palisade Wall |
| 13:34 | Build | Farm |
| 13:36 | Create | Villager (Male) |
| 13:47 | Build | House |
| 13:54 | Build | Lumber Camp |
| 14:00 | Create | Villager (Male) |
| 14:02 | Build | Farm |
| 14:03 | Build | House |
| 14:12 | Build | House |
| 14:22 | Build | Palisade Gate |
| 14:23 | Build | Palisade Gate |
| 14:24 | Build | Palisade Gate |
| 14:39 | Create | Villager (Male) |
| 14:48 | Build | Farm |
| 14:50 | Build | Farm |
| 14:52 | Create | Villager (Male) |
| 14:55 | Build | House |
| 15:04 | Build | House |
| 15:06 | Build | Farm |
| 15:12 | Build | Farm |
| 15:20 | Create | Villager (Male) |
| 15:22 | Build | House |
| 15:27 | Build | House |
| 15:28 | Build | House |
| 15:29 | Build | House |
| 15:35 | Build | Farm |
| 15:43 | Create | Villager (Male) |
| 15:51 | Create | Villager (Male) |
| 15:58 | Build | Stone Wall |
| 15:59 | Create | Villager (Male) |
| 16:03 | Create | Villager (Male) |
| 16:14 | Build | Farm |
| 16:14 | Build | Mill |
| 16:15 | Build | Farm |
| 16:21 | Build | Stone Wall |
| 16:23 | Create | Villager (Male) |
| 16:33 | Create | Villager (Male) |
| 16:41 | Build | Stone Wall |
| 17:03 | Build | Stone Wall |
| 17:16 | Build | Market |
| 17:22 | Build | Blacksmith |
| 17:53 | Build | Stone Wall |
| 18:16 | Build | Farm |
| 18:30 | Build | Stone Wall |
| 19:04 | Research | Castle Age |
| 19:14 | Build | Mining Camp |
| 19:18 | Build | Stable |
| 19:25 | Build | Stable |
| 20:08 | Build | Stable |
| 20:10 | Research | Scale Barding Armor |
| 20:32 | Build | Farm |
| 20:35 | Build | Farm |
| 20:38 | Create | Villager (Male) |
| 20:46 | Build | Farm |
| 21:28 | Build | House |
| 21:33 | Build | House |
| 21:34 | Build | Palisade Wall |
| 21:44 | Age | Castle Age |
| 21:46 | Create | Knight |
| 21:46 | Create | Knight |
| 21:46 | Create | Knight |
| 22:07 | Create | Knight |
| 22:07 | Create | Knight |
| 22:08 | Create | Villager (Male) |
| 22:25 | Create | Villager (Male) |
| 22:35 | Create | Knight |
| 22:38 | Create | Knight |
| 22:47 | Create | Knight |
| 22:53 | Create | Villager (Male) |
| 22:57 | Create | Knight |
| 22:59 | Create | Villager (Male) |
Match timeline
| 0:31 | Lina · first_building Barracks |
| 4:45 | MatzeAoE · first_building Barracks |
| 6:44 | MatzeAoE · wall_segment Palisade Wall x1 |
| 6:46 | MatzeAoE · wall_segment Palisade Wall x1 |
| 7:48 | MatzeAoE · wall_segment Palisade Wall x1 |
| 7:49 | MatzeAoE · wall_segment Palisade Wall x1 |
| 8:01 | MatzeAoE · age_up feudal |
| 9:09 | Lina · wall_segment Palisade Wall x5 |
| 9:11 | Lina · wall_segment Palisade Wall x5 |
| 9:14 | Lina · wall_segment Palisade Wall x7 |
| 9:19 | MatzeAoE · wall_segment Palisade Wall x2 |
| 9:22 | MatzeAoE · wall_segment Palisade Wall x2 |
| 9:24 | MatzeAoE · wall_segment Palisade Wall x1 |
| 9:24 | MatzeAoE · wall_segment Palisade Wall x1 |
| 10:11 | Lina · wall_segment Palisade Wall x1 |
| 10:12 | Lina · wall_segment Palisade Wall x1 |
| 10:14 | Lina · wall_segment Palisade Wall x2 |
| 10:19 | Lina · wall_segment Palisade Wall x2 |
| 10:21 | Lina · wall_segment Palisade Wall x3 |
| 10:45 | Lina · age_up feudal |
| 11:26 | Lina · first_building Archery Range |
| 12:02 | MatzeAoE · wall_segment Palisade Wall x4 |
| 12:07 | MatzeAoE · wall_segment Palisade Wall x10 |
| 12:17 | MatzeAoE · wall_segment Palisade Wall x7 |
| 12:59 | Lina · wall_segment Palisade Wall x1 |
| 12:59 | MatzeAoE · wall_segment Palisade Wall x5 |
| 13:01 | MatzeAoE · wall_segment Palisade Wall x2 |
| 13:09 | MatzeAoE · wall_segment Palisade Wall x1 |
| 13:23 | MatzeAoE · wall_segment Palisade Wall x1 |
| 13:24 | MatzeAoE · wall_segment Palisade Wall x1 |
| 13:25 | MatzeAoE · wall_segment Palisade Wall x1 |
| 13:27 | MatzeAoE · wall_segment Palisade Wall x1 |
| 14:42 | Lina · wall_segment Palisade Wall x5 |
| 15:58 | MatzeAoE · wall_segment Stone Wall x12 |
| 16:21 | MatzeAoE · wall_segment Stone Wall x8 |
| 16:41 | MatzeAoE · wall_segment Stone Wall x7 |
| 17:03 | MatzeAoE · wall_segment Stone Wall x1 |
| 17:53 | MatzeAoE · wall_segment Stone Wall x5 |
| 18:29 | Lina · first_market_buy 100 food |
| 18:30 | MatzeAoE · wall_segment Stone Wall x1 |
| 18:32 | Lina · first_market_sell 100 stone |
| 18:43 | MatzeAoE · first_market_sell 100 wood |
| 19:18 | MatzeAoE · first_building Stable |
| 21:21 | Lina · age_up castle |
| 21:34 | MatzeAoE · wall_segment Palisade Wall x1 |
| 21:44 | MatzeAoE · age_up castle |
| 23:38 | MatzeAoE · first_building Monastery |
| 23:50 | Lina · first_building Monastery |
| 23:52 | MatzeAoE · first_market_buy 100 stone |
| 32:12 | Lina · first_building Castle |
| 36:33 | MatzeAoE · wall_segment Palisade Wall x1 |
| 36:34 | MatzeAoE · wall_segment Palisade Wall x1 |
| 36:35 | MatzeAoE · wall_segment Palisade Wall x1 |
| 36:37 | MatzeAoE · wall_segment Palisade Wall x1 |
| 36:39 | MatzeAoE · wall_segment Palisade Wall x1 |
| 36:40 | MatzeAoE · wall_segment Palisade Wall x1 |
| 38:30 | MatzeAoE · resign |
[ AI ANALYSIS · 1 CREDIT ]
What really happened in this match?
Wolo.gg analyzes every decision: build order, eco, micro, common mistakes by bracket. Personalized analysis on WhatsApp or Discord in 30 seconds.
Civ guide
Tupi
Perfil
Jugador #299269